 Dungeon Crawl Stone Soup version 0.29-a0-1019-g84f7d21838 (webtiles) character file.

Game seed: 6267784232028401095

142 Manisian the Sneak (level 5, -9/24 HPs)
             Began as a Spriggan Conjurer on Aug 10, 2022.
             Killed from afar by Ijyb (11 damage)
             ... with a puff of flame
             ... on level 4 of the Dungeon.
             The game lasted 00:07:21 (3758 turns).

Manisian the Sneak (Spriggan Conjurer)              Turns: 3758, Time: 00:07:22

Health: -9/24      AC:  5    Str:  3    XL:     5   Next: 4%
Magic:  0/11       EV: 17    Int: 22    God:
Gold:   144        SH:  0    Dex: 13    Spells: 2/10 levels left

rFire   . . .      SeeInvis +   e - +1 dagger (speed)
rCold   . . .      Faith    .   (no shield)
rNeg    . . .      Spirit   .   a - +0 robe
rPois   .          Reflect  .   (helmet restricted)
rElec   .          Harm     .   l - +2 cloak {Stlth+}
rCorr   .          Rampage  .   (gloves unavailable)
Will    +....                   (boots unavailable)
Stlth   ++++......              (no amulet)
HPRegen 0.08/turn               c - ring of willpower
MPRegen 0.12/turn               (no ring)

@: flying, very quick
A: very small, no large weapons, unfitting armour, see invisible, speed 3
a: no special abilities


You were on level 4 of the Dungeon.
You visited 1 branch of the dungeon, and saw 4 of its levels.

You collected 144 gold pieces.

Inventory:

Hand Weapons
 e - a +1 dagger of speed (weapon)
 r - a +1 dagger of venom
Armour
 a - a +0 robe (worn)
 l - a +2 cloak of stealth (worn)
Jewellery
 c - a ring of willpower (left hand)
Wands
 o - a wand of polymorph (10)
 p - a wand of iceblast (11)
Scrolls
 k - a scroll of noise
 n - 2 scrolls of teleportation
Potions
 b - 2 potions of magic
 d - a potion of haste {unknown}
 f - a potion of cancellation {unknown}
 h - a potion of curing {unknown}
 i - a potion of brilliance {unknown}
 m - a potion of resistance


   Skills:
 * Level 0.2 Fighting
 + Level 0.2 Short Blades
 + Level 3.0 Dodging
 + Level 4.3 Stealth
 + Level 3.3 Spellcasting
 + Level 4.1 Conjurations
 * Level 0.5 Hexes
 * Level 0.3 Air Magic


You had 2 spell levels left.
You knew the following spells:

 Your Spells              Type           Power      Damage    Failure   Level
a - Magic Dart            Conj           84%        1d7       2%          1
b - Searing Ray           Conj           42%        2d6       3%          2
c - Static Discharge      Conj/Air       13%        3-5/arc   8%          2
d - Dazzling Flash        Conj/Hex       28%        N/A       14%         3

Your spell library contained the following spells:

 Spells                   Type           Power      Damage    Failure   Level
 Poisonous Vapours        Pois/Air       8%         N/A       17%         2
 Conjure Flame            Conj/Fire      12%        6-21      16%         3
 Mephitic Cloud           Conj/Pois/Air  10%        N/A       21%         3
 Fulminant Prism          Conj/Hex       7%         3d7       41%         4
 Iskenderun's Mystic Bla  Conj/Tloc      12%        2d5       45%         4
 Sticky Flame             Conj/Fire      12%        2d4       45%         4
 Dispel Undead            Necr           3%         3d7       75%         4
 Fireball                 Conj/Fire      6%         3d5       82%         5


Dungeon Overview and Level Annotations

Branches:
Dungeon (4/15)
 Temple: D:4-7

Altars:
Gozag
Vehumet

Shops:
D:2 !

Annotations:
D:4 Ijyb


Innate Abilities, Weirdness & Mutations

You are very small and have problems with some larger weapons.
You are too small for most types of armour.
You have supernaturally acute eyesight. (SInv)
You cover ground extremely quickly. (Speed+++)


Message History

Ijyb is severely wounded.
Ijyb hits you but does no damage.
You hit Ijyb.
Ijyb is severely wounded.
You hit Ijyb but do no damage.
Ijyb is severely wounded.
Ijyb hits you with a +0 club.
* * * LOW HITPOINT WARNING * * *
You hit Ijyb but do no damage.
Ijyb is severely wounded.
Ijyb zaps a wand.
The puff of flame hits you.
* * * LOW HITPOINT WARNING * * *
Unknown command.
It was a potion of flight.
You feel very buoyant.
You fly up into the air.
Casting: Magic Dart (safe; 2% risk of failure)
Confirm with . or Enter, or press ? or * to list all spells.
Aiming: Magic Dart (safe; 2% risk of failure)
Press: ? - help, Shift-Dir - straight line, f/p - Ijyb
Aim: Ijyb, wielding a +0 club, wearing a +1 ring mail of poison resistance and carrying a wand of flame (6) (severely wounded, 100% to hit)
The magic dart hits Ijyb.
Ijyb is almost dead.
Ijyb zaps a wand.
The puff of flame misses you.
Casting: Magic Dart (safe; 2% risk of failure)
Confirm with . or Enter, or press ? or * to list all spells.
Aiming: Magic Dart (safe; 2% risk of failure)
Press: ? - help, Shift-Dir - straight line, f/p - Ijyb
Aim: Ijyb, wielding a +0 club, wearing a +1 ring mail of poison resistance and carrying a wand of flame (5) (almost dead, 100% to hit)
The magic dart hits Ijyb but does no damage.
Ijyb is almost dead.
Casting: Magic Dart (safe; 2% risk of failure)
Confirm with . or Enter, or press ? or * to list all spells.
Aiming: Magic Dart (safe; 2% risk of failure)
Press: ? - help, Shift-Dir - straight line, f/p - Ijyb
Aim: Ijyb, wielding a +0 club, wearing a +1 ring mail of poison resistance and carrying a wand of flame (5) (almost dead, 100% to hit)
The magic dart hits Ijyb but does no damage.
Ijyb is almost dead.
Ijyb zaps a wand.
The puff of flame hits you!
You die...

#........# #..†####
#......### #...'...
#......#####...####
#......'...'..†....
#......#####.......
#......# #.......
#.g....# #.......
#......# #.......
#.@....# #.......
#......# #.....^.
#......# #.......
#......# #.......
...##### ####....
##### #.... #....
#.... #....


You could see Ijyb.

Vanquished Creatures
  Terence (D:2)
  Robin (D:3)
  3 adders
  6 orcs (D:3)
  3 ball pythons (D:3)
  8 bats
  8 endoplasms
  A giant cockroach (D:4)
  9 hobgoblins
  5 kobolds
  A quokka (D:1)
  15 goblins
  5 rats
66 creatures vanquished.

Notes
Turn   | Place    | Note
-------+----------+-------------------------------------------
     0 | D:1      | Manisian the Spriggan Conjurer began the quest for the Orb.
     0 | D:1      | Reached XP level 1. HP: 9/9 MP: 5/5
   368 | D:1      | Reached XP level 2. HP: 13/13 MP: 4/6
   371 | D:1      | Learned a level 2 spell: Searing Ray
   946 | D:2      | Found an opulent altar of Gozag.
  1050 | D:2      | Noticed Terence
  1056 | D:2      | Killed Terence
  1057 | D:2      | Reached XP level 3. HP: 9/16 MP: 1/8
  1189 | D:2      | Learned a level 3 spell: Dazzling Flash
  1797 | D:2      | Found Rihital's Distillery.
  1945 | D:3      | Reached XP level 4. HP: 21/21 MP: 3/9
  2266 | D:3      | Learned a level 2 spell: Static Discharge
  3127 | D:3      | Noticed Robin
  3187 | D:3      | Killed Robin
  3387 | D:3      | Found a faded altar of an unknown god.
  3473 | D:3      | Found a radiant altar of Vehumet.
  3481 | D:3      | Identified a scroll of acquirement
  3481 | D:3      | Acquired Manisian's Precepts of Red-Hot Contamination
  3619 | D:4      | Reached XP level 5. HP: 24/24 MP: 9/11
  3724 | D:4      | Noticed Ijyb
  3745 | D:4      | HP: 1/24 [Ijyb/puff of flame (4)]
  3758 | D:4      | Killed from afar by Ijyb

Illustrated notes

Levels and vault maps discovered:
D:1:      lemuel_arrival_river_ford, layout_loops_ring
D:2:      layout_basic, basic_altar, serial_shops, nicolae_lakefront_shop,
          uniq_terence
D:3:      layout_basic, mainiacjoe_overflow_alcove_2,
          shapermc_ecumenical_altar_pompeii, uniq_robin
D:4:      layout_basic, minmay_temple_entry_gardened_gates,
          chequers_mini_garden, uniq_ijyb

Skill      XL: |  1  2  3  4 |
---------------+-------------+-----
Conjurations   | 3 4 |  4.1
Spellcasting   | 3 |  3.3
Dodging        | 3 |  3.0
Stealth        | 4 |  4.3
Fighting       | |  0.2
Short Blades   | |  0.2
Hexes          | |  0.5
Air Magic      | |  0.3

Action                   |  1- 3 |  4- 6 || total
-------------------------+-------+-------++-------
Melee: Unarmed           |     2 |       ||     2
       Dagger            |     5 |    26 ||    31
 Cast: Magic Dart        |    52 |    47 ||    99
       Searing Ray       |     1 |     5 ||     6
Evoke: Wand              |       |     1 ||     1
  Use: Scroll            |     4 |     3 ||     7
       Potion            |       |     2 ||     2
 Stab: Sleeping          |     1 |     6 ||     7
Armor: Robe              |     2 |     2 ||     4
Dodge: Dodged            |    10 |    19 ||    29

Table legend: (Time is in decaauts)
 A = Elapsed time spent in this place.
 B = Non-inter-level travel time spent in this place.
 C = Inter-level travel time spent in this place.
 D = Time resting spent in this place.
 E = Time spent auto-exploring this place.
 F = Levels seen in this place.
 G = Mean time per level.
                   A        B        C        D        E       F      G
               +--------+--------+--------+--------+--------+-----+--------+
         Total |   2785 |   2663 |    122 |    395 |   1877 |   4 |  696.2 |
       Dungeon |   2785 |   2663 |    122 |    395 |   1877 |   4 |  696.2 |
               +--------+--------+--------+--------+--------+-----+--------+

Top non-repeatable levels by time:
     D:3: 1215 daAuts
     D:2: 822 daAuts
     D:1: 610 daAuts
     D:4: 137 daAuts
